 Dungeon Crawl Stone Soup version 0.20.0-4-g10b340a (webtiles) character file.

44 Jumanji the Cudgeler (level 3, 0/31 HPs)
             Began as a Minotaur Fighter on May 27, 2017.
             Slain by Sigmund
             ... wielding a +0 scythe
              (5 damage)
             ... on level 2 of the Dungeon.
             The game lasted 00:03:02 (989 turns).

Jumanji the Cudgeler (Minotaur Fighter)              Turns: 989, Time: 00:03:03

Health: 0/31       AC:  6    Str: 20    XL:     3   Next: 39%
Magic:  2/2        EV:  7    Int:  5    God:
Gold:   52         SH:  9    Dex: 10    Spells: 2/2 levels left

rFire    . . .     SeeInvis .   a - +0 flail
rCold    . . .     Gourm    .   c - +0 shield
rNeg     . . .     Faith    .   b - +0 scale mail
rPois    .         Spirit   .   (helmet restricted)
rElec    .         Reflect  .   (no cloak)
rCorr    .         Harm     .   (no gloves)
MR       .....                  (no boots)
Stlth    ..........             (no amulet)
Regen    0.1/turn               j - ring of flight
MPRegen  0.1/turn               (no ring)

@: no status effects
A: retaliatory headbutt, horns 2
a: Evoke Flight


You were on level 2 of the Dungeon.
You were not hungry.

You visited 1 branch of the dungeon, and saw 2 of its levels.

You collected 52 gold pieces.

Inventory:

Hand Weapons
 a - a +0 flail (weapon)
Armour
 b - a +0 scale mail (worn)
 c - a +0 shield (worn)
Jewellery
 j - a ring of flight (left hand)
Scrolls
 g - 2 scrolls of remove curse {unknown}
 m - a scroll of identify {unknown}
 r - a scroll of fog {unknown}
Potions
 d - a potion of might
 e - a potion of haste {unknown}
 h - 2 potions of curing {unknown}
 i - a potion of berserk rage {unknown}
 k - a potion of heal wounds {unknown}
 l - 2 potions of flight {unknown}
 n - 2 potions of agility {unknown}
 q - a potion of cancellation {unknown}
 s - a potion of magic {unknown}
Books
 p - a book of Minor Magic

   Spells                             Type                      Level
   a - Magic Dart                     Conjuration                  1
   b - Blink                          Translocation                2
   c - Call Imp                       Summoning                    2
   d - Slow                           Hexes                        2
   e - Conjure Flame                  Conjuration/Fire             3
   f - Mephitic Cloud                 Conjuration/Poison/Air       3
Comestibles
 f - a bread ration
 o - a chunk of flesh


   Skills:
 - Level 3.6 Fighting
 + Level 4.6 Maces & Flails
 - Level 3.6 Armour
 - Level 3.6 Shields


You had 2 spell levels left.
You didn't know any spells.

Dungeon Overview and Level Annotations

Branches:
Dungeon (2/15)

Altars:
Vehumet

Annotations:
D:2 Sigmund


Innate Abilities, Weirdness & Mutations

You reflexively headbutt those who attack you in melee.
You have a pair of horns on your head.


Message History

Sigmund is lightly wounded.
Sigmund barely misses you. Sigmund hits you but does no damage.
You bump into the rock wall.
You bump into the rock wall.
Sigmund points at you and mumbles some strange words.
You resist with significant effort. Sigmund hits you but does no damage.
Your shield and scale mail prevent you from hitting Sigmund.
You feel less confused. You block Sigmund's attack.
You barely miss Sigmund. Sigmund hits you with a scythe.
* * * LOW HITPOINT WARNING * * *
You thump Sigmund!
Sigmund is heavily wounded.
You block Sigmund's attack.
You hit Sigmund but do no damage.
Sigmund is heavily wounded.
Sigmund hits you with a scythe.
You die...

# ##+# ##.#.####.## #
##...## ##...........
###.....###.###.####.##
##...>...##.##.......#
#....<....#.##.###...#
+.........'....# ...#
#.........####.###.#^##.
#.......## #...@......
##.....## ###@# #
##...## #.# ##'## #.#
#.# #.# #.# #.# ##.##
#.# #.#...## #.#
#.....##### #.#
##........####.#


You could see Sigmund.

Vanquished Creatures
  An adder (D:2)
  A dart slug (D:2)
  2 leopard geckos (D:2)
  5 giant cockroaches
  4 goblins
  3 hobgoblins (D:1)
  5 bats
  4 frilled lizards
  2 kobolds (D:1)
  4 rats
31 creatures vanquished.

Notes
Turn   | Place    | Note
-------+----------+-------------------------------------------
     0 | D:1      | Jumanji the Minotaur Fighter began the quest for the Orb.
     0 | D:1      | Reached XP level 1. HP: 19/19 MP: 0/0
    45 | D:1      | Reached skill level 3 in Maces & Flails
   119 | D:1      | Reached XP level 2. HP: 26/26 MP: 1/1
   355 | D:1      | Reached skill level 4 in Maces & Flails
   521 | D:2      | Found a faded altar of an unknown god.
   531 | D:2      | Reached XP level 3. HP: 31/31 MP: 2/2
   868 | D:2      | Found a radiant altar of Vehumet.
   971 | D:2      | Noticed Sigmund
   989 | D:2      | Slain by Sigmund

Skill      XL: |  1  2 |
---------------+-------+-----
Maces & Flails | 3 4 |  4.6
Fighting       | |  3.6
Armour         | |  3.6
Shields        | |  3.6

Action                   || total
-------------------------++-------
Melee: Flail             ||    78
       Headbutt          ||    10
Armor: Scale mail        ||    33
Dodge: Dodged            ||    18
Block: Shield            ||    38
